 Dungeon Crawl Stone Soup version 0.26.0-45-g9c1d065592 (webtiles) character file.

Game seed: 2997340746880030136

(classic levelgen) 116 thiole the Magician (level 5, -2/34 HPs)
             Began as an Octopode Hedge Wizard on Feb 1, 2021.
             Slain by Robin
             ... wielding a +0 dagger of flaming
              (3 damage)
             ... on level 2 of the Dungeon.
             The game lasted 00:02:20 (2139 turns).

thiole the Magician (Octopode Hedge Wizard)         Turns: 2139, Time: 00:02:20

Health: -2/34      AC:  1    Str:  9    XL:     5   Next: 1%
Magic:  2/9        EV: 14    Int: 17    God:
Gold:   46         SH:  0    Dex: 14    Spells: 9/10 levels left

rFire    . . .     SeeInvis .   a - +0 dagger
rCold    . . .     Faith    .   (no shield)
rNeg     + . .     Spirit   .   b - +0 hat
rPois    +         Reflect  .   h - amulet of magic regeneration
rElec    .         Harm     .   e - ring of positive energy
rCorr    .         Rampage  .   (no ring)
Will     .....                  (no ring)
Stlth    +++.......             (no ring)
HPRegen  0.00/turn              (no ring)
MPRegen  0.36/turn              (no ring)
                                (no ring)
                                (no ring)

@: no status effects
A: almost no armour, stealthy swim, amphibious, 8 rings, constrict 8, camouflage
1, agile 1, blink, poison resistance, inhibited regeneration, gelatinous body 1
a: Blink


You were on level 2 of the Dungeon.
You visited 1 branch of the dungeon, and saw 2 of its levels.

You collected 46 gold pieces.

Inventory:

Hand Weapons
 a - a +0 dagger (weapon)
Armour
 b - a +0 hat (worn)
Jewellery
 e - a ring of positive energy (left tentacle)
 h - an amulet of magic regeneration (around mantle)
Scrolls
 c - a scroll of blinking {unknown}
 i - 2 scrolls of remove curse {unknown}
 k - a scroll of enchant weapon {unknown}
 l - a scroll of immolation {unknown}
Potions
 d - a potion of brilliance
 g - a potion of heal wounds {unknown}
 m - a potion of ambrosia {unknown}


   Skills:
 - Level 2.0 Fighting
 + Level 2.7 Dodging
 - Level 2.6 Stealth
 - Level 3.0 Spellcasting
 - Level 3.0 Conjurations
 - Level 2.0 Summonings
 - Level 1.0 Translocations


You had 9 spell levels left.
You knew the following spells:

 Your Spells              Type           Power        Failure   Level
a - Magic Dart            Conj           48%          4%          1

Your spell library contained the following spells:

 Spells                   Type           Power        Failure   Level
 Call Imp                 Summ           9%           12%         2
 Blink                    Tloc           N/A          17%         2
 Slow                     Hex            2%           26%         2
 Conjure Flame            Conj/Fire      7%           28%         3
 Mephitic Cloud           Conj/Pois/Air  5%           34%         3


Dungeon Overview and Level Annotations

Branches:
Dungeon (2/15)

Altars:

Annotations:
D:2 Robin


Innate Abilities, Weirdness & Mutations

You cannot wear most types of armour.
You are very stealthy in the water. (Stealth+)
You are amphibious.
You can wear up to eight rings at the same time.
You can use your tentacles to constrict eight enemies at once.
Your skin changes colour to match your surroundings (Stealth+).
Your rubbery body absorbs attacks. (AC +1, EV +1)
You are agile. (Dex +2)
You can translocate small distances at will.
Your system is resistant to poisons. (rPois)
You do not regenerate when monsters are visible.


Message History

The magic dart hits Robin but does no damage.
Robin is lightly wounded.
You constrict Robin.
Robin hits you with a +0 dagger of flaming.
* * * LOW HITPOINT WARNING * * *
Robin burns you.
* * * LOW HITPOINT WARNING * * *
Casting: Magic Dart (safe; 4% risk of failure)
Confirm with . or Enter, or press ? or * to list all spells.
Aiming: Magic Dart (safe; 4% risk of failure)
Press: ? - help, Shift-Dir - straight line, f/p - Robin
Aim: Robin, wielding a +0 dagger of flaming, wearing a +0 animal skin, wearing a +0 helmet and carrying a wand of flame (12) (lightly wounded, constricted by you, 0% to evade)
The magic dart hits Robin but does no damage.
Robin is lightly wounded.
You constrict Robin.
Robin flexes a bicep menacingly.
Robin hits you with a +0 dagger of flaming.
* * * LOW HITPOINT WARNING * * *
Robin burns you.
You die...

## ... .... .....
############......
#..g..ggg.g'gg)...
###g########gg.)..
#g# ..... #@# g...
#)# ... #.# ## #.#
#.# #.# #.# #)#
###.################


You could see Robin, a hobgoblin (strong) and a goblin (strong).

Vanquished Creatures
  Natasha (D:2)
  4 gnolls (D:2)
  A worm (D:2)
  A dart slug (D:1)
  2 leopard geckos (D:2)
  2 ball pythons (D:1)
  2 giant cockroaches (D:1)
  8 goblins
  10 hobgoblins
  3 kobolds (D:1)
  A quokka (D:2)
  4 bats (D:1)
  3 frilled lizards (D:1)
  3 rats (D:1)
45 creatures vanquished.

Notes
Turn   | Place    | Note
-------+----------+-------------------------------------------
     0 | D:1      | thiole the Octopode Hedge Wizard began the quest for the
                  | Orb.
     0 | D:1      | Reached XP level 1. HP: 11/11 MP: 4/4
    83 | D:1      | Reached XP level 2. HP: 6/17 MP: 3/6
   648 | D:1      | Reached skill level 1 in Fighting
   881 | D:1      | Reached XP level 3. HP: 24/24 MP: 0/7
  1671 | D:2      | Noticed Natasha
  1678 | D:2      | Killed Natasha
  1679 | D:2      | Reached XP level 4. HP: 29/29 MP: 4/8
  1772 | D:2      | Gained mutation: Your body sometimes deteriorates upon
                  | taking damage. [potion of mutation]
  1772 | D:2      | Gained mutation: You are somewhat resistant to further
                  | mutation. [potion of mutation]
  1773 | D:2      | HP: 1/29 [gnoll/+0 whip (5)]
  2075 | D:2      | Lost mutation: You are somewhat resistant to further
                  | mutation. [potion of mutation]
  2075 | D:2      | Lost mutation: Your body sometimes deteriorates upon taking
                  | damage. [potion of mutation]
  2075 | D:2      | Gained mutation: You do not regenerate when monsters are
                  | visible. [potion of mutation]
  2075 | D:2      | Gained mutation: Your system is resistant to poisons.
                  | (rPois) [potion of mutation]
  2075 | D:2      | Gained mutation: You are agile. (Dex +2) [potion of
                  | mutation]
  2075 | D:2      | Gained mutation: You can translocate small distances at
                  | will. [potion of mutation]
  2106 | D:2      | Noticed Robin
  2135 | D:2      | Reached XP level 5. HP: 25/34 MP: 2/9
  2139 | D:2      | HP: 1/34 [Robin/+0 dagger of flaming (6)]
  2139 | D:2      | Slain by Robin

Illustrated notes

Levels and vault maps discovered:
D:1:      erik_arrival_cave_to_civilisation [erik_arrival_cave_to_temple],
          layout_basic, st_stairs_3
D:2:      kennysheep_big_flooded_room, layout_basic,
          chequers_ecumenical_altar_grove, uniq_sigmund, uniq_natasha,
          uniq_robin

Skill      XL: |  1  2  3  4 |
---------------+-------------+-----
Conjurations   | 2 3 |  3.0
Fighting       | 1 2 |  2.0
Summonings     | 2 |  2.0
Dodging        | |  2.7
Stealth        | |  2.6
Spellcasting   | |  3.0
Translocations | |  1.0

Action                   |  1- 3 |  4- 6 || total
-------------------------+-------+-------++-------
Melee: Dagger            |    29 |    13 ||    42
       Tentacles         |     8 |     1 ||     9
       Constrict         |     9 |     4 ||    13
 Cast: Magic Dart        |    60 |    42 ||   102
  Use: Potion            |       |     4 ||     4
Armor: Skin              |     4 |     2 ||     6
Dodge: Dodged            |    27 |    16 ||    43
